 Seeded DCSS version 0.30.1-9-gdf580d7c3d (webtiles) character file.

Game seed: 6351066067085065685 (custom seed)

555 Esekla the Magician (level 7, -14/36 HPs)
             Began as a Deep Elf Wanderer on Oct 21, 2023.
             Was a Believer of Vehumet.
             Demolished by a sleepcap (21 damage)
             ... on level 5 of the Dungeon.
             The game lasted 00:36:23 (3670 turns).

Esekla the Magician (Deep Elf Wanderer)             Turns: 3670, Time: 00:36:24

Health: -14/36     AC:  4    Str: 11    XL:     7   Next: 8%
Magic:  20/20      EV:  2    Int: 20    God:    Vehumet [**....]
Gold:   276        SH:  0    Dex: 14    Spells: 14/21 levels left

rFire   . . .        s - +5 rapier of the Hero {heavy, rN+ Dex+3}
rCold   . . .        d - +0 buckler
rNeg    + . .        c - +0 robe
rPois   .            k - +0 helmet
rElec   .            (no cloak)
rCorr   .            j - +0 pair of gloves
SInv    .            (no boots)
Will    .....        A - amulet of magic regeneration
Stlth   ++           (no ring)
HPRegen 0.26/turn    (no ring)
MPRegen 0.57/turn

%: no passive effects
@: sleeping
A: no striking features
a: Renounce Religion


You were on level 5 of the Dungeon.
You worshipped Vehumet.
Vehumet was pleased with you.
You visited 1 branch of the dungeon, and saw 5 of its levels.

You collected 276 gold pieces.

Inventory:

Hand Weapons
 a - a +1 short sword of freezing
 r - a +0 spear
 s - the +5 rapier of the Hero (weapon) {heavy, rN+ Dex+3}
   (You found it on level 3 of the Dungeon)

   Dex:       It affects your dexterity (+3).
   rN:        It protects you from negative energy.
Missiles
 v - 8 poisoned darts (quivered)
Armour
 c - a +0 robe (worn)
 d - a +0 buckler (worn)
 j - a +0 pair of gloves (worn)
 k - a +0 helmet (worn)
Jewellery
 A - an amulet of magic regeneration (around neck)
Wands
 p - a wand of roots (15)
 C - a wand of flame (15)
Scrolls
 g - 3 scrolls of identify {unknown}
 m - a scroll of enchant armour {unknown}
 n - a scroll of amnesia {unknown}
 o - a scroll of immolation {unknown}
 q - a scroll of blinking {unknown}
 t - 2 scrolls of fog {unknown}
 x - 3 scrolls of enchant weapon {unknown}
 y - a scroll of silence {unknown}
 z - a scroll of magic mapping {unknown}
 B - 2 scrolls of fear
Potions
 b - 2 potions of lignification
 e - a potion of ambrosia {unknown}
 f - 2 potions of attraction {unknown}
 h - a potion of heal wounds {unknown}
 i - 5 potions of curing {unknown}
 l - a potion of mutation {unknown}
 u - 3 potions of brilliance {unknown}
 w - a potion of haste {unknown}


   Skills:
 + Level 1.1 Short Blades
 + Level 0.1 Throwing
 * Level 3.4 Dodging
 + Level 2.6 Stealth
 + Level 1.7 Shields
 * Level 7.7 Spellcasting
 + Level 1.0 Conjurations
 * Level 3.7 Necromancy
 + Level 2.9 Translocations
 + Level 1.0 Invocations


You had 14 spell levels left.
You knew the following spells:

 Your Spells              Type           Power      Damage    Failure   Level
a - Magic Dart            Conj           44%        1d5       9%          1
b - Blink                 Tloc           38%        N/A       6%          2
d - Vampiric Draining     Necr           22%        2d7       9%          3
p - Apportation           Tloc           38%        N/A       3%          1

Your spell library contained the following spells:

 Spells                   Type           Power      Damage    Failure   Level
 Kiss of Death            Conj/Necr      68%        2d10      4%          1
 Lesser Beckoning         Tloc           38%        N/A       6%          2
 Gell's Gravitas          Tloc           19%        N/A       12%         3
 Teleport Other           Tloc           19%        N/A       12%         3
 Ignite Poison            Fire/Tmut/Pois 7%         N/A       36%         3
 Spider Form              Tmut/Pois      7%         N/A       36%         3
 Cause Fear               Hex            3%         N/A       77%         4
 Summon Mana Viper        Hex/Summ       7%         N/A       98%         5


Dungeon Overview and Level Annotations

Branches:
Dungeon (5/15)
 Temple: D:4-7

Altars:
Dithmenos
Hepliaklqana
Okawaru
Qazlal
Trog
Vehumet
Zin
The Shining One

Shops:
D:2 =   D:4 (

Annotations:
D:2 black bear, gnolls, adder


Message History

The white imp closely misses you.
You closely miss the white imp.
The white imp is lightly wounded.
The white imp completely misses you.
The white imp shouts, "Escape, thou pox-marked earth-vexing scut!"
The white imp gestures at you. The puff of frost hits you!
You barely miss the white imp.
The white imp is lightly wounded.
The white imp hits you but does no damage.
You barely miss the white imp.
The white imp is lightly wounded.
The white imp closely misses you. You block the white imp's attack.
You closely miss the white imp.
The white imp is lightly wounded.
The white imp shouts, "Away with thee, thou obnoxious flap-mouthed zombie-fodder!"
The white imp hits you but does no damage.
The white imp gestures at you. The puff of frost hits you.
* * * LOW HITPOINT WARNING * * *
Aiming: Fastroot
Press: ? - help, Shift-Dir - straight line, f - white imp
Aim: a white imp (lightly wounded)
The roots erupt in riotous growth!
Roots grab the white imp.
The grasping roots constrict the white imp.
The white imp hits you but does no damage.
You puncture the white imp!
You kill the white imp!
Vehumet accepts your kill.
A sleepcap comes into view.
The sleepcap moves out of view.
Found a scroll labelled OPUZOUSOET.
The sleepcap releases spores at you.
* * * LOW HITPOINT WARNING * * *
You are engulfed in a cloud of soporific spores!
You fall asleep.
The sleepcap releases spores at you!!
Ouch! That really hurt!
You die...

#.##......<........#######.#.
#.###...#.#######..# ##.#.
#.# ##..#....####..# #....
#.# #..#.###......# ##.## #.#
#...## ##.##.## #.# #.# #...#
#....# #.# #.####.#.##
##.#### #.# #.#.......###..#
##.## #..........f@#.# #...)
###.#####..###.# #.... #.#
#..# #.# #..⌠. #.# #..# #.#
#.... #.# ... ... #.... #.#
.###.# #.... #.# .# ?# ###..
#.# ##.# ##. #.# ##..# #.


You could see a sleepcap.

Vanquished Creatures
  2 scorpions (D:5)
  A gnoll bouda (D:3)
  3 hounds
  4 iguanas
  9 gnolls
  6 adders
  A white imp (D:5)
  3 dart slugs
  8 orcs
  4 endoplasms
  8 goblins
  4 hobgoblins
  A quokka (D:1)
  6 ball pythons
  4 bats
  4 frilled lizards
  5 kobolds
  A rat (D:2)
74 creatures vanquished.

Notes
Turn   | Place    | Note
-------+----------+-------------------------------------------
     0 | D:1      | Esekla the Deep Elf Wanderer began the quest for the Orb.
     0 | D:1      | Esekla set off with the following items: a +0 club, a
                  | potion of lignification, a +0 robe, a +0 buckler; and the
                  | following spells available to memorise: Apportation, Blink,
                  | Lesser Beckoning, Magic Dart, Ignite Poison, Vampiric
                  | Draining.
     0 | D:1      | Reached XP level 1. HP: 10/10 MP: 7/7
     2 | D:1      | Learned a level 1 spell: Magic Dart
     4 | D:1      | Learned a level 1 spell: Apportation
   398 | D:4      | Found a radiant altar of Vehumet.
   405 | D:4      | Found an iron altar of Okawaru.
   416 | D:4      | Found a glowing silver altar of Zin.
   498 | D:4      | Became a worshipper of Vehumet
   713 | D:3      | Reached XP level 2. HP: 15/15 MP: 3/9
   716 | D:3      | Learned a level 2 spell: Blink
   939 | D:3      | Identified the +5 rapier of the Hero {heavy, rN+ Dex+3}
  1025 | D:2      | Found Renulab's Jewellery Shop.
  1081 | D:2      | Reached skill level 1 in Dodging
  1211 | D:1      | Reached skill level 1 in Necromancy
  1214 | D:1      | Reached XP level 3. HP: 14/19 MP: 11/11
  1341 | D:1      | Reached skill level 5 in Spellcasting
  1354 | D:1      | Reached * piety under Vehumet
  1354 | D:1      | Offered knowledge of Kiss of Death by Vehumet.
  1360 | D:1      | Learned a level 3 spell: Vampiric Draining
  1766 | D:2      | Noticed a black bear
  1780 | D:2      | Reached XP level 4. HP: 12/24 MP: 5/13
  1795 | D:2      | Found a faded altar of an unknown god.
  2178 | D:3      | Found a stormy altar of Qazlal.
  2203 | D:3      | Found a bloodstained altar of Trog.
  2205 | D:3      | Found a hazy altar of Hepliaklqana.
  2372 | D:4      | Found Ponaysk's Antique Weapon Boutique.
  2506 | D:4      | Found a glowing golden altar of the Shining One.
  2524 | D:4      | Reached XP level 5. HP: 28/28 MP: 15/15
  2785 | D:4      | Reached skill level 6 in Spellcasting
  2962 | D:5      | Entered Level 5 of the Dungeon
  2965 | D:5      | Got the Parchment of the Lumpy Olives
  2993 | D:5      | Found a shadowy altar of Dithmenos.
  3037 | D:5      | Reached skill level 1 in Short Blades
  3037 | D:5      | Reached XP level 6. HP: 32/32 MP: 17/17
  3244 | D:5      | Reached skill level 7 in Spellcasting
  3301 | D:5      | Reached skill level 1 in Conjurations
  3472 | D:5      | Reached XP level 7. HP: 36/36 MP: 20/20
  3654 | D:5      | Reached ** piety under Vehumet
  3670 | D:5      | Demolished by a sleepcap

Illustrated notes

Levels and vault maps discovered:
D:1:      sevenhm_arrival_forest_fort_small_3, layout_rooms,
          chequers_serial_rivers_room_b, minmay_misc_feat_five
D:2:      layout_loops_ring, dreamdust_ecumenical_altar_angels_and_demons,
          serial_shops, shop
D:3:      layout_basic, grunt_temple_overflow_open, minmay_misc_feat_iff
D:4:      layout_basic, nicolae_overflow_quartered_altars, serial_shops,
          nicolae_diamond_shop
D:5:      layout_loops_ring, lemuel_doored_altar, minmay_misc_feat_rows,
          dreamdust_wishing_well

Skill      XL: |  1  2  3  4  5  6 |
---------------+-------------------+-----
Dodging        | 1 2 3 |  3.4
Necromancy     | 1 2 3 |  3.7
Spellcasting   | 5 6 7 |  7.7
Stealth        | 2 |  2.6
Short Blades   | 1 |  1.1
Conjurations   | 1 |  1.0
Throwing       | |  0.1
Shields        | |  1.7
Translocations | |  2.9
Invocations    | |  1.0

Action                     |  1- 3 |  4- 6 |  7- 9 || total
---------------------------+-------+-------+-------++-------
  Melee: Short sword       |    27 |       |       ||    27
         Rapier            |    27 |    61 |    10 ||    98
  Throw: Dart              |       |    12 |       ||    12
   Cast: Magic Dart        |    52 |    31 |       ||    83
         Apportation       |    26 |    22 |    10 ||    58
         Vampiric Draining |     2 |    14 |       ||    16
         Blink             |       |     1 |       ||     1
  Evoke: Wand              |       |       |     1 ||     1
    Use: Scroll            |     1 |       |       ||     1
   Stab: Sleeping          |     5 |     4 |     2 ||    11
 Armour: Robe              |    30 |    13 |     7 ||    50
  Dodge: Dodged            |    59 |    49 |     4 ||   112
  Block: Buckler           |    12 |    12 |     1 ||    25
